 Dungeon Crawl Stone Soup version 0.19-a0-1782-g9923417 (webtiles) character file.

26 PurpleRed the Conjurer (level 2, -11/15 HPs)
             Began as a Deep Elf Conjurer on Oct 29, 2016.
             Mangled by Crazy Yiuf
             ... wielding a +2 quarterstaff of chaos
              (14 damage)
             ... on level 2 of the Dungeon.
             The game lasted 00:01:38 (510 turns).

PurpleRed the Conjurer (Deep Elf Conjurer)           Turns: 510, Time: 00:01:39

Health: -11/15     AC:  2    Str:  5    XL:     2   Next: 89%
Magic:  3/8        EV: 13    Int: 19    God:
Gold:   31         SH:  0    Dex: 15    Spells: 2 memorised, 5 levels left

rFire  + . .     SeeInvis .     g - +0 short sword
rCold  . . .     Faith    .     a - +0 robe
rNeg   . . .     Spirit   .     (no shield)
rPois  .         Reflect  .     (no helmet)
rElec  .                        (no cloak)
rCorr  .                        (no gloves)
MR     .....                    (no boots)
Stlth  ++........               (no amulet)
                                (no ring)
                                h - ring of protection from fire

@: no status effects
A: no striking features
a: no special abilities


You were on level 2 of the Dungeon.
You were not hungry.

You visited 1 branch of the dungeon, and saw 2 of its levels.

You collected 31 gold pieces.

Inventory:

Hand Weapons
 c - a +0 club
 g - a +0 short sword (weapon)
Armour
 a - a +0 robe (worn)
Jewellery
 h - a ring of protection from fire (left hand)
Scrolls
 d - a scroll of remove curse {unknown}
 e - 2 scrolls of enchant armour {unknown}
 f - a scroll of immolation {unknown}
 j - a scroll of identify {unknown}
Potions
 i - 2 potions of curing {unknown}
Books
 b - a book of Conjurations

   Spells                             Type                      Level
   a - Magic Dart                     Conjuration                  1
   b - Searing Ray                    Conjuration                  2
   c - Dazzling Spray                 Conjuration/Hexes            3
   d - Fulminant Prism                Conjuration/Hexes            4
   e - Iskenderun's Mystic Blast      Conjuration                  4
   f - Iskenderun's Battlesphere      Conjuration/Charms           5


   Skills:
 - Level 2.4 Dodging
 - Level 2.4 Stealth
 + Level 3.8 Spellcasting
 * Level 5.0 Conjurations


You had 5 spell levels left.
You knew the following spells:

 Your Spells              Type           Power        Failure   Level  Hunger
a - Magic Dart            Conj           ###.         1%          1    None
b - Searing Ray           Conj           ###...       2%          2    ##.....


Dungeon Overview and Level Annotations

Branches:
Dungeon (2/15)
   Lair: D:-1         Crypt: Vaults:-1     Tomb: Vaults:-1

Altars:

Annotations:
D:2 Crazy Yiuf


Message History

Casting: Magic Dart
Confirm with . or Enter, or press ? or * to list all spells.
Aiming: Searing Ray
Press: ? - help, Shift-Dir - straight line, f - Crazy Yiuf
Aim: Crazy Yiuf, wielding a quarterstaff of chaos and wearing a glowing cloak (resting)
The searing ray hits Crazy Yiuf.
Crazy Yiuf is moderately wounded.
Crazy Yiuf shouts!
The searing ray misses Crazy Yiuf.
The searing ray hits Crazy Yiuf.
Crazy Yiuf is moderately wounded.
The searing ray hits Crazy Yiuf.
Crazy Yiuf is almost dead.
You finish channeling your searing ray.
Crazy Yiuf hits you with a quarterstaff of chaos (12)!
Ouch! That really hurt!
* * * LOW HITPOINT WARNING * * *
You are electrocuted (14)!
Ouch! That really hurt!
You die...

####### ###
♣♣##.....### #)..#♣♣
♣♣...........
#...g@♣♣♣♣.........##.
#...#♣..♣......#<####.
### ♣♣♣.♣....##.# #.
♣♣♣♣♣####.####.
#........ ###...#####
#..[..#####
.............
###.###.#####


You could see Crazy Yiuf.

Vanquished Creatures
  2 dart slugs (D:1)
  A leopard gecko (D:1)
  2 goblins (D:1)
  5 hobgoblins (D:1)
  3 kobolds (D:1)
  A ball python (D:1)
  2 bats (D:1)
  3 rats (D:1)
19 creatures vanquished.

Notes
Turn   | Place    | Note
-------+----------+-------------------------------------------
     0 | D:1      | PurpleRed the Deep Elf Conjurer began the quest for the Orb.
     0 | D:1      | Reached XP level 1. HP: 10/10 MP: 6/6
   107 | D:1      | Reached XP level 2. HP: 15/15 MP: 4/8
   111 | D:1      | Learned a level 2 spell: Searing Ray
   349 | D:1      | Reached skill level 5 in Conjurations
   502 | D:2      | Found a runed door.
   506 | D:2      | Noticed Crazy Yiuf
   510 | D:2      | Mangled by Crazy Yiuf

Vault maps used:
D:1:      sevenhm_arrival_forest_fort_small_4
D:2:      kennysheep_okawaru_gauntlet, uniq_crazy_yiuf_cottage

Skill      XL: |  1  2 |
---------------+-------+-----
Conjurations   | 5 |  5.0
Dodging        | |  2.4
Stealth        | |  2.4
Spellcasting   | |  3.8

Action                   || total
-------------------------++-------
Melee: Short sword       ||     7
 Cast: Magic Dart        ||    31
       Searing Ray       ||     1
Armor: Robe              ||     3
Dodge: Dodged            ||     5
